 Dungeon Crawl Stone Soup version 0.30-a0-586-g23e55c9e0a (webtiles) character file.

Game seed: 8116284028204973626

144 Strat the Chopper (level 5, -6/45 HPs)
             Began as a Meteoran Cinder Acolyte on Jan 3, 2023.
             Was a High Priest of Ignis.
             Succumbed to Robin's poison
             ... on level 3 of the Dungeon.
             The game lasted 00:05:26 (1157 turns).

Strat the Chopper (Meteoran Cinder Acolyte)         Turns: 1157, Time: 00:05:27

Health: -6/45      AC:  5    Str: 18    XL:     5   Next: 82%
Magic:  8/8        EV: 10    Int: 15    God:    Ignis [*****.]
Gold:   121        SH:  0    Dex:  9    Spells: 4/7 levels left

rFire   + . .      SeeInvis .    a - +1 hand axe (flame)
rCold   . . .      Faith    .    (no shield)
rNeg    . . .      Spirit   .    f - +0 ring mail
rPois   .          Reflect  .    (no helmet)
rElec   .          Harm     .    (no cloak)
rCorr   .          Rampage  .    (no gloves)
Will    .....                    (no boots) Stlth
                                 (no amulet)
HPRegen 0.27/turn                (no ring)
MPRegen 0.11/turn                (no ring)

@: lethally poisoned (-6 -> -36), attractive, glowing, invisible (but backlit
and visible)
A: sense surroundings 1, otherworldly, glowing, explore regen
a: Renounce Religion, Fiery Armour, Foxfire Swarm, Rising Flame


You were on level 3 of the Dungeon.
You worshipped Ignis.
Ignis was extremely pleased with you.
You visited 1 branch of the dungeon, and saw 3 of its levels.

You collected 121 gold pieces.

Inventory:

Hand Weapons
 a - a +1 hand axe of flaming (weapon)
 l - a -1 hand axe of flaming
Missiles
 n - 6 poisoned darts (quivered)
Armour
 b - a +0 robe
 f - a +0 ring mail (worn)
 i - a +0 chain mail
 o - a +0 buckler
Wands
 k - a wand of mindburst (14)
Scrolls
 d - a scroll of teleportation {unknown}
 g - 3 scrolls of identify {unknown}
 m - a scroll of amnesia {unknown}
Potions
 c - 2 potions of heal wounds {unknown}
 e - 2 potions of attraction
 j - a potion of resistance {unknown}


   Skills:
 - Level 3.3 Fighting
 + Level 6.8 Axes
 - Level 1.5 Spellcasting
 - Level 3.7 Fire Magic


You had 4 spell levels left.
You knew the following spells:

 Your Spells              Type           Power      Damage    Failure   Level
a - Scorch                Fire           24%        2d6       14%         2
b - Summon Small Mammal   Summ           4%         N/A       38%         1

Your spell library contained the following spells:

 Spells                   Type           Power      Damage    Failure   Level
 Call Canine Familiar     Summ           1%         N/A       77%         3
 Summon Guardian Golem    Hex/Summ       1%         N/A       77%         3


Dungeon Overview and Level Annotations

Branches:
Dungeon (3/15) Zot: 634

Altars:
Zin
The Shining One

Annotations:
D:3 Robin


Innate Abilities, Weirdness & Mutations

You passively map a small area around you.
You are easily found by Zot.
You glow in the dark.
You regain HP and MP as you explore.


Message History

You closely miss Robin.
You feel sick.
A goblin comes into view. It is wielding a +0 dagger.
Robin hits you with a +5 mace of venom!
* * * LOW HITPOINT WARNING * * *
You are too injured to fight recklessly!
You are too injured to fight recklessly!
You hit Robin but do no damage.
You feel sick. Robin hits you but does no damage.
You are more poisoned.
You hit Robin but do no damage.
You feel very sick. Robin throws the goblin at you!
* * * LOW HITPOINT WARNING * * *
You hit Robin. You burn Robin.
Robin is lightly wounded.
You barely miss the goblin.
You feel sick. The goblin hits you but does no damage.
Robin hits you with a +5 mace of venom.
* * * LOW HITPOINT WARNING * * *
You are more poisoned.
You hit Robin but do no damage.
Robin is lightly wounded.
You hit the goblin. You burn the goblin.
You kill the goblin!
* * * LOW HITPOINT WARNING * * *
You feel very sick.
A quokka comes into view.
Robin hits you with a +5 mace of venom!
* * * LOW HITPOINT WARNING * * *
You are more poisoned.
Unknown command.
It was a potion of attraction.
You feel attractive to monsters.
* * * LOW HITPOINT WARNING * * *
You feel extremely sick. Robin closely misses you.
A goblin comes into view. It is wielding a +0 dagger.
The goblin is attracted toward you. The quokka is attracted toward you.
It was a potion of invisibility.
You become transparent, but the glow from your body prevents you from becoming completely invisible.
You die...

#.# #####......#########g###*
##.###.....#........g.g....g#
##............§........###:..gg..
*#.##......_...§...g...# .#####.
##.##.##........######## .# *
##.##.##...#...r# .#**
...#...###.....g# * .#*, ,
#..#...# ####.÷g### .# , #..#...#
#.....@)# ## ,
...#.######.#...#)# ,
#.##.###........#)# *, ,, ,
.....##........##.## *
..#####..##........# * ###
###..##.##.##..#
#....)...[.....## ,
#.#........##...####
#.#.###.#####.#....#


You could see Robin, a quokka and a goblin (wandering).

Vanquished Creatures
  An orc wizard (D:3)
  4 adders
  A worm (D:2)
  4 dart slugs
  3 orcs (D:3)
  5 ball pythons
  5 endoplasms
  3 giant cockroaches (D:2)
  10 goblins
  6 hobgoblins
  2 jackals (D:2)
  4 quokkas
  2 bats
  6 frilled lizards
  6 kobolds
  7 rats
69 creatures vanquished.

Notes
Turn   | Place    | Note
-------+----------+-------------------------------------------
     0 | D:1      | Strat the Meteoran Cinder Acolyte began the quest for the
                  | Orb.
     0 | D:1      | Reached XP level 1. HP: 19/19 MP: 3/3
    52 | D:1      | Reached XP level 2. HP: 15/26 MP: 3/5
   109 | D:1      | Reached skill level 4 in Axes
   315 | D:1      | Reached XP level 3. HP: 27/31 MP: 6/6
   476 | D:2      | Reached skill level 5 in Axes
   534 | D:2      | Reached XP level 4. HP: 37/38 MP: 7/7
   621 | D:2      | Learned a level 2 spell: Scorch
   623 | D:2      | Learned a level 1 spell: Summon Small Mammal
   769 | D:2      | Found a glowing silver altar of Zin.
   855 | D:2      | Reached skill level 6 in Axes
   855 | D:2      | Reached XP level 5. HP: 45/45 MP: 8/8
   937 | D:3      | Found a glowing golden altar of the Shining One.
  1121 | D:3      | Noticed Robin
  1156 | D:3      | HP: 1/45 [poisoned by Robin]
  1157 | D:3      | Succumbed to Robin's poison

Illustrated notes

Levels and vault maps discovered:
D:1:      mrwooster_arrival_arrow, layout_basic, interstate_on_off
D:2:      layout_rooms, basic_altar
D:3:      layout_loops_cross, mainiacjoe_overflow_tiny_flanked,
          uniq_crazy_yiuf_cottage, uniq_robin, uniq_jessica

Skill      XL: |  1  2  3  4 |
---------------+-------------+-----
Axes           | 4 5 6 |  6.8
Fighting       | |  3.3
Spellcasting   | |  1.5
Fire Magic     | |  3.7

Action                   |  1- 3 |  4- 6 || total
-------------------------+-------+-------++-------
Melee: Hand axe          |   111 |   114 ||   225
       Punch             |     1 |       ||     1
Evoke: Wand              |       |     1 ||     1
  Use: Potion            |       |     2 ||     2
Armor: Robe              |    26 |    12 ||    38
       Ring mail         |       |    25 ||    25
Dodge: Dodged            |    41 |    49 ||    90

Table legend: (Time is in decaauts)
 A = Elapsed time spent in this place.
 B = Non-inter-level travel time spent in this place.
 C = Inter-level travel time spent in this place.
 D = Time resting spent in this place.
 E = Time spent auto-exploring this place.
 F = Levels seen in this place.
 G = Mean time per level.
                   A        B        C        D        E       F      G
               +--------+--------+--------+--------+--------+-----+--------+
         Total |   1165 |   1135 |     30 |      0 |      0 |   3 |  388.3 |
       Dungeon |   1165 |   1135 |     30 |      0 |      0 |   3 |  388.3 |
               +--------+--------+--------+--------+--------+-----+--------+

Top non-repeatable levels by time:
     D:1: 460 daAuts
     D:2: 438 daAuts
     D:3: 267 daAuts
